 Dungeon Crawl Stone Soup version 0.22-b1-21-g5cfc168 (webtiles) character file.

81 letownia2 the Insei (level 4, 22/32 HPs)
             Began as a Demonspawn Transmuter on Aug 5, 2018.
             Quit the game on level 3 of the Dungeon.
             The game lasted 00:03:28 (619 turns).

letownia2 the Insei (Demonspawn Transmuter)          Turns: 619, Time: 00:03:28

Health: 22/32      AC:  6    Str: 14    XL:     4   Next: 20%
Magic:  2/7        EV: 12    Int: 14    God:
Gold:   112        SH:  0    Dex: 14    Spells: 1/7 levels left

rFire    . . .     SeeInvis .     - Unarmed
rCold    . . .     Gourm    .   (no shield)
rNeg     . . .     Faith    .   i - +3 leather armour
rPois    .         Spirit   .   (no helmet)
rElec    .         Reflect  .   (no cloak)
rCorr    .         Harm     .   (no gloves)
MR       .....                  (no boots)
Stlth    +.........             (no amulet)
HPRegen  0.10/turn              k - +3 ring of strength
MPRegen  0.10/turn              (no ring)

@: no status effects
A: claws 1, foul stench 1, rot immunity
a: no special abilities


You were on level 3 of the Dungeon.
You were not hungry.

You visited 1 branch of the dungeon, and saw 3 of its levels.

You collected 112 gold pieces.

Inventory:

Hand Weapons
 o - a +0 rapier
 p - a +2 short sword of venom
Missiles
 a - 40 arrows
Armour
 b - a +0 robe
 i - a +3 leather armour (worn)
 s - a +0 pair of boots
Jewellery
 k - a +3 ring of strength (left claw)
Scrolls
 c - 2 scrolls of blinking {unknown}
 e - a scroll of amnesia {unknown}
 g - 5 scrolls of identify {unknown}
 q - a scroll of teleportation {unknown}
 r - a scroll of magic mapping {unknown}
 t - a scroll of fog {unknown}
Potions
 f - a potion of mutation {unknown}
 h - 2 potions of curing {unknown}
 j - a potion of ambrosia {unknown}
 l - a potion of flight {unknown}
 m - 2 potions of degeneration {unknown}
 n - a potion of agility {unknown}
Comestibles
 d - 2 rations


   Skills:
 - Level 1.3 Fighting
 - Level 1.7 Dodging
 + Level 4.2 Unarmed Combat
 - Level 2.0 Spellcasting
 + Level 2.0 Transmutations
 + Level 0.6 Poison Magic


You had one spell level left.
You knew the following spells:

 Your Spells              Type           Power        Failure   Level  Hunger
a - Beastly Appendage     Tmut           #.....       13%         1    ##.....
l - Sticks to Snakes      Tmut           #.......     21%         2    ###....
p - Spider Form           Tmut/Pois      #.........   45%         3    ####...

Your spell library contained the following spells:

 Spells                   Type           Power        Failure   Level  Hunger
 Blade Hands              Tmut           #.........   98%         5    ######.
 Ice Form                 Ice/Tmut       #.......     89%         4    #####..


Dungeon Overview and Level Annotations

Branches:
Dungeon (3/15)

Altars:
Ashenzari
Xom


Innate Abilities, Weirdness & Mutations

You have sharp fingernails.
You may emit foul miasma when damaged in melee.
You are immune to rotting.


Message History

You hit the orc priest.
The orc priest is poisoned.
The orc priest is moderately wounded.
The orc priest miscasts a cantrip.
You hit the orc priest.
The orc priest is severely wounded.
The orc priest closely misses you.
You bite the orc priest!
You kill the orc priest!
Your Transmutations skill increases to level 2!
You have reached level 4!
You feel agile.
Your demonic ancestry asserts itself...
Your fingernails lengthen.
Things that are here:
an enchanted mace; a leather armour Your transformation has ended.
Your +3 leather armour unmelds from your body.
You see here a pair of boots.
s - a pair of boots
t - a scroll labeled ZETEWKO SIXUC Are you sure you want to abandon this character and quit the game? (Confirm with "yes".)

.................#
...
######...........#
...
#.......^^..#####.
#......._^........
#......^.^...####.
#..........>.#
#............#
#....^........#
#........@....#
#.............#
............#
###########.# .#
.#


There were no monsters in sight!

Vanquished Creatures
  An orc priest (D:3)
  2 adders
  An ooze (D:1)
  A dart slug (D:2)
  A leopard gecko (D:1)
  2 orcs (D:3)
  4 bats
  2 giant cockroaches (D:1)
  3 hobgoblins
  A ball python (D:2)
  2 frilled lizards
  5 goblins
  3 kobolds (D:1)
  A rat (D:1)
29 creatures vanquished.

Notes
Turn   | Place    | Note
-------+----------+-------------------------------------------
     0 | D:1      | letownia2 the Demonspawn Transmuter began the quest for the Orb.
     0 | D:1      | Reached XP level 1. HP: 15/15 MP: 3/3
    53 | D:1      | Reached skill level 3 in Unarmed Combat
   102 | D:1      | Gained mutation: You are immune to rotting. [demonic ancestry]
   102 | D:1      | Reached XP level 2. HP: 11/21 MP: 3/5
   284 | D:1      | Learned a level 2 spell: Sticks to Snakes
   350 | D:2      | Gained mutation: You may emit foul miasma when damaged in melee. [demonic ancestry]
   350 | D:2      | Reached XP level 3. HP: 17/26 MP: 4/6
   398 | D:2      | Found a shattered altar of Ashenzari.
   411 | D:2      | Reached skill level 4 in Unarmed Combat
   565 | D:3      | Learned a level 3 spell: Spider Form
   570 | D:3      | Found a shimmering altar of Xom.
   604 | D:3      | Gained mutation: You have sharp fingernails. [demonic ancestry]
   604 | D:3      | Reached XP level 4. HP: 20/32 MP: 0/7
   619 | D:3      | Quit the game

Skill      XL: |  1  2  3 |
---------------+----------+-----
Unarmed Combat | 3 4 |  4.2
Transmutations | 2 |  2.0
Fighting       | |  1.3
Dodging        | |  1.7
Spellcasting   | |  2.0
Poison Magic   | |  0.6

Action                   |  1- 3 |  4- 6 || total
-------------------------+-------+-------++-------
Melee: Unarmed           |    96 |       ||    96
       Kick              |    13 |       ||    13
       Punch             |     3 |       ||     3
 Cast: Beastly Appendage |    15 |       ||    15
       Spider Form       |     2 |       ||     2
 Stab: Sleeping          |     2 |       ||     2
Armor: Robe              |     9 |       ||     9
       Leather armour    |    11 |       ||    11
       Skin              |     1 |       ||     1
Dodge: Dodged            |    59 |       ||    59
